 Dungeon Crawl Stone Soup version 0.29-a0-356-g7bc237e783 (webtiles) character file.

Game seed: 17148398403542961373

4 Hubjo the Firebug (level 1, -1/11 HPs)
             Began as a Deep Elf Fire Elementalist on Apr 25, 2022.
             Slain by a hobgoblin (2 damage)
             ... on level 1 of the Dungeon.
             The game lasted 00:00:40 (439 turns).

Hubjo the Firebug (Deep Elf Fire Elementalist)       Turns: 439, Time: 00:00:41

Health: -1/11      AC:  2    Str:  5    XL:     1   Next: 58%
Magic:  5/6        EV: 12    Int: 19    God:
Gold:   14         SH:  0    Dex: 15    Spells: 5/6 levels left

rFire   + . .      SeeInvis .   d - staff of fire
rCold   . . .      Faith    .   (no shield)
rNeg    . . .      Spirit   .   a - +0 robe
rPois   .          Reflect  .   (no helmet)
rElec   .          Harm     .   (no cloak)
rCorr   .          Rampage  .   (no gloves)
Will    .....                   (no boots)
Stlth   ++........              (no amulet)
HPRegen 0.03/turn               (no ring)
MPRegen 0.10/turn               (no ring)

@: no status effects
A: no striking features
a: no special abilities


You were on level 1 of the Dungeon.
You visited 1 branch of the dungeon, and saw 1 of its levels.

You collected 14 gold pieces.

Inventory:

Armour
 a - a +0 robe (worn)
Magical Staves
 d - a staff of fire (weapon)
Potions
 b - a potion of magic
 c - 2 potions of heal wounds {unknown}
 e - a potion of lignification {unknown}
 f - a potion of mutation {unknown}


   Skills:
 * Level 0.4 Fighting
 - Level 2.4 Dodging
 + Level 2.5 Stealth
 + Level 3.1 Spellcasting
 - Level 1.1 Conjurations
 + Level 3.3 Fire Magic


You had 5 spell levels left.
You knew the following spells:

 Your Spells              Type           Power      Damage    Failure   Level
a - Foxfire               Conj/Fire      68%        2x1d7     6%          1

Your spell library contained the following spells:

 Spells                   Type           Power      Damage    Failure   Level
 Scorch                   Fire           46%        2d7       6%          2
 Conjure Flame            Conj/Fire      17%        6-21      19%         3
 Ensorcelled Hibernation  Hex/Ice        4%         N/A       22%         2
 Passwall                 Tmut/Erth      1%         N/A       22%         2
 Inner Flame              Hex/Fire       14%        N/A       22%         3
 Frozen Ramparts          Ice            4%         1d2       41%         3
 Swiftness                Air            2%         N/A       41%         3
 Flame Wave               Conj/Fire      17%        2d6       52%         4
 Ice Form                 Ice/Tmut       2%         N/A       83%         4
 Summon Ice Beast         Ice/Summ       2%         N/A       83%         4


Dungeon Overview and Level Annotations

Branches:
Dungeon (1/15)

Altars:


Message History

A frilled lizard is nearby!
A frilled lizard is nearby!
A frilled lizard is nearby!
The frilled lizard misses you.
You closely miss the frilled lizard. The frilled lizard closely misses you.
You hit the frilled lizard. You burn the frilled lizard.
You kill the frilled lizard!
No target in view!
No target in view!
No target in view!
No target in view!
No target in view!
No target in view!
Found a stone staircase leading down.
f - a fizzy emerald potion
Found a dagger.
You pick up a book of Rime and begin reading...
You add the spells Frozen Ramparts, Ice Form and Summon Ice Beast to your library.
You now have 14 gold pieces (gained 10).
A quokka comes into view.
A hobgoblin comes into view.
The hobgoblin shouts!
You barely miss the quokka. The quokka bites you.
A ball python comes into view.
The quokka closely misses you.
You barely miss the quokka. The quokka bites you.
The ball python hisses angrily.
You hit the quokka but do no damage.
The quokka bites you but does no damage.
The quokka closely misses you.
You hit the hobgoblin but do no damage. The hobgoblin hits you.
The quokka bites you.
* * * LOW HITPOINT WARNING * * *
You are too injured to fight recklessly!
You are too injured to fight recklessly!
You are too injured to fight recklessly!
Casting: Foxfire (safe; 6% risk of failure)
Confirm with . or Enter, or press ? or * to list all spells.
You feel a surge of power!
You conjure some foxfire!
The hobgoblin hits you.
You die...

....................
....................
....##......#....... ###
....##......##..........
....##......##.##+#.....
............##....#.....
........................
.................g......
...#######......@rS.....
...#######......vv......
........##..............
........#####...........
#.......# #...........
#.....#######...........
......#.....#...........
........................
...|.......... .#..


You could see a quokka (ally target), a hobgoblin and a ball python.

Vanquished Creatures
  A ball python (D:1)
  An endoplasm (D:1)
  A quokka (D:1)
  A frilled lizard (D:1)
4 creatures vanquished.

Vanquished Creatures (others)
  20 foxfires (D:1)
20 creatures vanquished.

Grand Total: 24 creatures vanquished

Notes
Turn   | Place    | Note
-------+----------+-------------------------------------------
     0 | D:1      | Hubjo the Deep Elf Fire Elementalist began the quest for
                  | the Orb.
     0 | D:1      | Reached XP level 1. HP: 10/10 MP: 6/6
   439 | D:1      | Slain by a hobgoblin

Illustrated notes

Levels and vault maps discovered:
D:1:      onia_arrival_pyramid, layout_basic

Action                   || total
-------------------------++-------
Melee: Staff             ||     6
 Cast: Foxfire           ||    13
Armor: Robe              ||     1
Dodge: Dodged            ||     4

Table legend: (Time is in decaauts)
 A = Elapsed time spent in this place.
 B = Non-inter-level travel time spent in this place.
 C = Inter-level travel time spent in this place.
 D = Time resting spent in this place.
 E = Time spent auto-exploring this place.
 F = Levels seen in this place.
 G = Mean time per level.
                   A        B        C        D        E       F      G
               +--------+--------+--------+--------+--------+-----+--------+
         Total |    439 |    429 |     10 |      0 |    381 |   1 |  439.0 |
       Dungeon |    439 |    429 |     10 |      0 |    381 |   1 |  439.0 |
               +--------+--------+--------+--------+--------+-----+--------+

Top non-repeatable levels by time:
     D:1: 439 daAuts
